Map: Abyssal Reef LE

Players

BackupC (Dolan)

  • Race: Terran Terran
  • Spawn Location: 5:00

Harstem - Winner!

  • Race: Protoss Protoss
  • Spawn Location: 11:00

Event: WCS Montreal 2017

VOD

Have the link to the VOD?

Description

Time

  • Played on: Sept. 8, 2017, 2:31 p.m.
  • Length: 6:24

All games in this series

Show
View Real Time Build Order
Export as new Build Order

BackupC Terran 

Build Orders: 1/1/1, Liberator Opening 

Get SALT Encoding   

  12  0:00  SCV  
  13  0:13  SCV  
  14  0:17  Supply Depot  
  14  0:25  SCV  
  14  0:27  Refinery  
  15  0:38  SCV  
  16  0:44  Barracks  
  16  0:50  SCV  
  17  1:03  SCV  
  18  1:15  SCV  
  19  1:32  Marine  
  19  1:33  Orbital Command  
  19  1:37  Factory  
  20  1:44  Refinery  
  20  1:55  Barracks Reactor  
  20  1:58  SCV  
  20  2:01  Supply Depot  
  21  2:10  SCV  
  22  2:22  SCV, Widow Mine  
  25  2:26  Starport  
  25  2:28  Supply Depot  
  25  2:32  Marine x2  
  25  2:34  SCV  
  28  2:46  Engineering Bay  
  28  2:50  Widow Mine  
  30  2:51  Marine  
  30  2:52  Marine  
  32  3:02  Medivac  
  34  3:06  Supply Depot  
  34  3:08  SCV  
  34  3:09  Marine x2  
  37  3:19  Factory Tech Lab, Missile Turret  
  37  3:27  Marine x2  
  37  3:29  Liberator  
  39  3:40  Siege Tank  
  42  3:47  Marine x2  
  47  4:01  Supply Depot  
  47  4:15  Liberator  
  47  4:18  Siege Tank, Marine x2  
  51  4:36  Marine x2  
  56  4:50  Supply Depot  
  56  4:54  Marine x2  
  58  5:02  Bunker  
  58  5:05  Siege Tank  
  61  5:11  Marine x2  
  55  5:29  Marine x2  
  57  5:37  Siege Tank  
  60  5:47  Marine x2  
  60  5:50  Bunker  
Show
View Real Time Build Order
Export as new Build Order

Harstem Protoss - Winner!

Build Orders: 1 Gate Expand 

Get SALT Encoding   

  12  0:01  Probe (Chrono Boost)  
  13  0:12  Probe (Chrono Boost)  
  14  0:17  Pylon  
  14  0:22  Probe (Chrono Boost)  
  15  0:35  Probe (Chrono Boost)  
  16  0:36  Gateway  
  16  0:46  Probe (Chrono Boost)  
  16  0:47  Assimilator  
  17  0:56  Probe (Chrono Boost)  
  18  1:07  Probe (Chrono Boost)  
  19  1:17  Probe (Chrono Boost)  
  20  1:25  Nexus  
  20  1:34  Cybernetics Core  
  20  1:37  Probe (Chrono Boost)  
  21  1:42  Assimilator  
  21  1:47  Probe (Chrono Boost)  
  21  1:52  Pylon  
  22  1:58  Probe (Chrono Boost)  
  23  2:10  Probe (Chrono Boost), Warp Gate (Chrono Boost)  
  23  2:11  Adept (Chrono Boost)  
  27  2:24  Mothership Core (Chrono Boost)  
  29  2:37  Probe (Chrono Boost)  
  29  2:38  Robotics Facility  
  29  2:43  Probe (Chrono Boost)  
  30  2:47  Probe (Chrono Boost), Stalker (Chrono Boost)  
  33  3:07  Probe (Chrono Boost)  
  33  3:08  Probe (Chrono Boost), Gateway  
  35  3:17  Gateway  
  35  3:19  Probe (Chrono Boost)  
  36  3:20  Probe (Chrono Boost), Pylon  
  36  3:23  Observer (Chrono Boost)  
  36  3:26  Stalker (Chrono Boost)  
  40  3:35  Probe  
  40  3:36  Pylon  
  40  3:38  Probe  
  41  3:46  Observer (Chrono Boost)  
  41  3:47  Probe  
  43  3:50  Probe  
  44  3:59  Probe  
  44  4:01  Immortal  
  45  4:09  Probe  
  47  4:11  Probe  
  47  4:13  Stalker x2  
  52  4:18  Stalker  
  52  4:21  Pylon  
  54  4:33  Pylon  
  54  4:34  Assimilator  
  54  4:38  Adept x2  
  54  4:44  Immortal  
  58  4:52  Zealot, Pylon  
  64  5:08  Pylon  
  64  5:16  Stalker x2  
  64  5:19  Warp Prism  
  68  5:26  Pylon  
  70  5:30  Pylon  
  70  5:39  Stalker x2  
  70  5:40  Stalker  
  54  6:09  Probe  
  54  6:10  Probe, Stalker x3  
Tags
 
Add a new tag
Caveats
  • Supply blocks, unpowered buildings, or Contaminate may cause inaccurate times.
  • Supply counts are checked every 10 seconds.